 Dungeon Crawl Stone Soup version 0.23.2-1-ga50397a6bc (webtiles) character file.

Game seed: 13849204746334361452

9519 Norn the Fighter (level 11, -7/80 HPs)
             Began as an Octopode Wizard on May 4, 2019.
             Was a Believer of Sif Muna.
             Mangled by a blink frog (18 damage)
             ... on level 1 of the Lair of Beasts.
             The game lasted 00:47:54 (17911 turns).

Norn the Fighter (Octopode Wizard)                 Turns: 17911, Time: 00:47:54

Health: -7/80      AC:  2    Str:  5    XL:     11   Next: 47%
Magic:  10/28      EV: 16    Int: 23    God:    Sif Muna [**....]
Gold:   152        SH:  4    Dex: 10    Spells: 9/21 levels left

rFire    . . .     SeeInvis .   D - +2 short sword (venom)
rCold    . . .     Gourm    .   l - +0 buckler
rNeg     . . .     Faith    .   a - +1 hat
rPois    +         Spirit   .   (no amulet)
rElec    .         Reflect  .   j - ring of magical power
rCorr    .         Harm     .   r - ring of poison resistance
MR       .....                  I - ring of flight
Stlth    +++.......             K - -3 ring of strength (curse)
HPRegen  0.23/turn              (no ring)
MPRegen  0.21/turn              (no ring)
                                (no ring)
                                (no ring)

@: divine energy
A: almost no armour, stealthy swim, amphibious, 8 rings, constrict 8, camouflage
1, gelatinous body 1
a: Stop Divine Energy, Renounce Religion, Evoke Flight


You were on level 1 of the Lair of Beasts.
You worshipped Sif Muna.
Sif Muna was pleased with you.
You were not hungry.

You visited 3 branches of the dungeon, and saw 12 of its levels.

You collected 602 gold pieces.
You spent 450 gold pieces at shops.

Inventory:

Hand Weapons
 C - a +0 blowgun
   (You took it off a kobold on level 7 of the Dungeon)
 D - a +2 short sword of venom (weapon)
   (You took it off a kobold on level 8 of the Dungeon)
 H - a +4 scimitar of flaming
   (You took it off Erica on level 9 of the Dungeon)
 J - a +3 short sword of electrocution
   (You took it off an orc on level 9 of the Dungeon)
Missiles
 B - 52 poisoned needles
Armour
 a - a +1 hat (worn)
 l - a +0 buckler (worn)
   (You found it on level 2 of the Dungeon)
Jewellery
 j - a ring of magical power (left tentacle)
   (You found it on level 1 of the Dungeon)
 r - a ring of poison resistance (right tentacle)
   (You found it on level 4 of the Dungeon)
 I - a ring of flight (on tentacle)
   (You found it on level 8 of the Dungeon)
 K - a cursed -3 ring of strength (on tentacle)
   (You found it on level 9 of the Dungeon)
Wands
 d - a wand of iceblast (16)
   (You found it on level 4 of the Dungeon)
 t - a wand of flame (33)
   (You found it on level 5 of the Dungeon)
 x - a wand of acid (4)
   (You found it on level 7 of the Dungeon)
 y - a wand of enslavement (4)
   (You found it on level 6 of the Dungeon)
Scrolls
 b - 2 scrolls of amnesia
 c - 2 scrolls of vulnerability {unknown}
 i - 9 scrolls of identify {@r1}
 o - 4 scrolls of enchant weapon
 p - 2 scrolls of fog
 q - 5 scrolls of teleportation {@r4}
 s - a scroll of immolation {unknown}
 w - a scroll of fear {unknown}
 A - 2 scrolls of remove curse {@r2}
 E - 2 scrolls of blinking {unknown}
 F - 4 scrolls of magic mapping {unknown}
 L - a scroll of noise {unknown}
Potions
 g - 2 potions of haste {unknown}
 h - a potion of invisibility {unknown}
 k - 3 potions of flight
 m - a potion of brilliance {unknown}
 n - 3 potions of curing {@q1}
 u - a potion of resistance {unknown}
 v - 2 potions of lignification {unknown}
 z - 3 potions of agility {unknown}
 G - a potion of magic {unknown}
 N - a potion of ambrosia {unknown}
Comestibles
 e - 28 rations {!d}
 f - 3 chunks of flesh


   Skills:
 + Level 9.5 Fighting
 + Level 8.4 Dodging
 - Level 2.6 Stealth
 - Level 4.1 Shields
 - Level 5.6 Spellcasting
 - Level 5.1 Conjurations
 + Level 5.3 Summonings
 + Level 4.8 Translocations
 - Level 5.0 Air Magic
 - Level 2.0 Poison Magic


You had 9 spell levels left.
You knew the following spells:

 Your Spells              Type           Power        Failure   Level  Hunger
a - Magic Dart            Conj           ####         1%          1    None
b - Blink                 Tloc           N/A          1%          2    None
f - Mephitic Cloud        Conj/Pois/Air  ####....     4%          3    #......
x - Call Imp              Summ           ####....     1%          2    None
z - Summon Lightning Spi  Summ/Air       ####....     11%         4    ###....

Your spell library contained the following spells:

 Spells                   Type           Power        Failure   Level  Hunger
 Apportation              Tloc           ####..       1%          1    None
 Summon Small Mammal      Summ           ####         1%          1    None
 Searing Ray              Conj           ####..       1%          2    None
 Call Canine Familiar     Summ           ####....     3%          3    #......
 Animate Skeleton         Necr           N/A          9%          1    None
 Confusing Touch          Hex            #.....       9%          1    None
 Corona                   Hex            #......      9%          1    None
 Conjure Flame            Conj/Fire      ###.....     9%          3    #......
 Dazzling Spray           Conj/Hex       ###...       9%          3    #......
 Summon Guardian Golem    Hex/Summ       ###.....     9%          3    #......
 Portal Projectile        Hex/Tloc       ###...       10%         3    #......
 Force Lance              Conj/Tloc      ####....     11%         4    ###....
 Iskenderun's Mystic Bla  Conj           ####....     11%         4    ###....
 Ensorcelled Hibernation  Hex/Ice        #.....       14%         2    None
 Slow                     Hex            #.......     14%         2    None
 Confuse                  Hex            #.......     26%         3    #......
 Inner Flame              Hex/Fire       #.......     26%         3    #......
 Tukima's Dance           Hex            #.......     26%         3    #......
 Summon Ice Beast         Ice/Summ       ###.....     28%         4    ###....
 Fulminant Prism          Conj/Hex       ###.......   30%         4    ###....
 Cause Fear               Hex            #.........   65%         4    ###....
 Leda's Liquefaction      Hex/Erth       #.........   65%         4    ###....


Dungeon Overview and Level Annotations

Branches:
Dungeon (10/15)            Temple (1/1) D:7            Lair (1/6) D:8
    Orc (0/2) D:9

Altars:
Ashenzari
Cheibriados
Dithmenos
Elyvilon
Fedhas
Gozag
Hepliaklqana
Kikubaaqudgha
Makhleb
Nemelex Xobeh
Okawaru
Qazlal
Ru
Sif Muna
Trog
Uskayaw
Vehumet
Wu Jian
Xom
Yredelemnul
Zin
The Shining One

Shops:
D:10 %:


Innate Abilities, Weirdness & Mutations

You cannot wear most types of armour.
You are very stealthy in the water. (Stealth+)
You are amphibious.
You can wear up to eight rings at the same time.
You can use your tentacles to constrict eight enemies at once.
Your skin changes colour to match your surroundings (Stealth+).
Your rubbery body absorbs attacks. (AC +1, EV +1)


Message History

Your white imp dies!
The bolt of electricity hits the blink frog!
Aim: a crocodile (moderately wounded)
The magic dart hits the crocodile but does no damage.
You block the crocodile's attack.
Your lightning spire shoots out a bolt of lightning at the crocodile!
The bolt of electricity hits the crocodile!
The bolt of electricity hits the black mamba!
The bolt of electricity hits the blink frog!
Aim: a crocodile (severely wounded)
The magic dart hits the crocodile.
The black mamba bites your lightning spire but does no damage.
The crocodile bites you!!
* * * LOW HITPOINT WARNING * * *
Your lightning spire shoots out a bolt of lightning at the crocodile!
The bolt of electricity hits the crocodile!
The crocodile dies!
Sif Muna accepts your kill.
The bolt of electricity hits the blink frog!
The blink frog dies!
Sif Muna accepts your kill.
Aim: a blink frog (moderately wounded)
Your line of fire to the blink frog is blocked by a plant.
Continue anyway? [Y]es or [N]o only, please.
Your line of fire to the blink frog is blocked by a plant.
Continue anyway?
Okay, then.
A beastly little devil appears in a puff of flame.
The black mamba bites your lightning spire.
The black mamba bites your lightning spire!
A beastly little devil appears in a puff of flame.
The black mamba completely misses your lightning spire.
The blink frog hits you!
* * * LOW HITPOINT WARNING * * *
The black mamba bites your lightning spire.
You block the blink frog's attack.
Your lightning spire shoots out a bolt of lightning at the black mamba!
The bolt of electricity hits the black mamba!
Aim: a blink frog (moderately wounded)
The magic dart hits the blink frog.
The black mamba bites your lightning spire.
Your lightning spire is destroyed!
The blink frog misses you.
Your crimson imp hits the blink frog.
An electric hum fills the air.
The black mamba misses your crimson imp.
The blink frog hits you!
* * * LOW HITPOINT WARNING * * *
Your crimson imp blinks!
Your crimson imp barely misses the blink frog.
The blink frog hits you!!
You die...

#..### ######'#.## .
#P........# .>
##........# ...
#........# ....
####........# .....
##..'........#
......#...#........##
....ยง5P@.##.........#
.....SF8###........##
.!.....## #........#
####### ####.#.###
#####


You could see a black mamba, a blink frog, a friendly lightning spire and a
friendly crimson imp.

Vanquished Creatures
  A two-headed ogre (D:10)
  Erica (D:9)
  A cyclops (D:10)
  A rime drake (Lair:1)
  A troll (D:9)
  6 yaks
  A human (D:10)
  A basilisk (D:8)
  A hungry ghost (D:9)
  2 water moccasins (Lair:1)
  3 orc warriors
  A sky beast (D:8)
  A black bear (D:10)
  4 ogres
  3 centaurs
  3 phantoms
  4 big kobolds
  4 bullfrogs
  A scorpion (D:5)
  A wyvern skeleton (D:9)
  2 crimson imps
  A bullfrog zombie (D:9)
  2 quasits
  3 jellies
  2 orc priests
  3 bullfrog skeletons
  3 hounds
  2 orc wizards
  A centaur skeleton (D:10)
  An iguana (D:8)
  8 worker ants
  Ijyb (D:5)
  3 hound skeletons
  9 adders
  2 dart slugs (D:3)
  10 leopard geckos
  31 orcs
  2 giant cockroaches
  5 goblins
  5 hobgoblins
  4 jackals
  17 kobolds
  7 quokkas
  2 ball pythons
  8 bats
  3 frilled lizards
  6 rats
184 creatures vanquished.

Vanquished Creatures (collateral kills)
  A komodo dragon (Lair:1)
  2 trolls (D:10)
  Prince Ribbit (D:6)
  2 blink frogs (Lair:1)
  2 hippogriffs (D:8)
  12 yaks
  4 hogs (D:10)
  A hungry ghost (D:10)
  Menkaure (D:5)
  A porcupine (Lair:1)
  An orc warrior (D:9)
  2 sky beasts
  4 ogres
  2 phantoms
  A centaur (D:8)
  2 crocodiles
  2 bullfrogs
  4 scorpions
  A howler monkey (D:10)
  A crimson imp (D:5)
  2 bullfrog zombies
  A hound (D:6)
  2 orc priests (D:4)
  Crazy Yiuf (D:2)
  A bullfrog skeleton (D:8)
  2 orc wizards
  2 worker ants
  2 adders
  A worm (D:2)
  12 orcs
  4 jackals
  5 kobolds
82 creatures vanquished.

Grand Total: 266 creatures vanquished

Notes
Turn   | Place    | Note
-------+----------+-------------------------------------------
     0 | D:1      | Norn the Octopode Wizard began the quest for the Orb.
     0 | D:1      | Reached XP level 1. HP: 11/11 MP: 4/4
   323 | D:1      | Reached XP level 2. HP: 16/18 MP: 0/6
   749 | D:1      | Learned a level 2 spell: Call Imp
   838 | D:2      | Found a runed translucent door.
   839 | D:2      | Noticed Crazy Yiuf
  1039 | D:2      | Reached skill level 1 in Fighting
  1039 | D:2      | Reached XP level 3. HP: 20/23 MP: 0/7
  1387 | D:2      | Found a stormy altar of Qazlal.
  2179 | D:2      | Reached XP level 4. HP: 26/28 MP: 0/8
  2808 | D:2      | Killed Crazy Yiuf
  3242 | D:3      | Found a sacrificial altar of Ru.
  3307 | D:3      | Reached XP level 5. HP: 34/34 MP: 0/9
  3451 | D:3      | Reached skill level 2 in Fighting
  3591 | D:3      | Found a white marble altar of Elyvilon.
  4126 | D:4      | Learned a level 3 spell: Mephitic Cloud
  4362 | D:4      | Reached XP level 6. HP: 21/41 MP: 0/10
  5050 | D:4      | Reached skill level 3 in Fighting
  5237 | D:4      | Found a snail-covered altar of Cheibriados.
  5423 | D:4      | Found a burning altar of Makhleb.
  5428 | D:4      | Reached XP level 7. HP: 46/46 MP: 4/11
  6307 | D:5      | Entered Level 5 of the Dungeon
  6483 | D:5      | Reached skill level 4 in Fighting
  6727 | D:5      | Noticed Ijyb
  6788 | D:5      | Killed Ijyb
  7028 | D:5      | Found an opulent altar of Gozag.
  7064 | D:5      | Reached skill level 5 in Dodging
  7182 | D:5      | Reached XP level 8. HP: 36/54 MP: 1/12
  7347 | D:5      | Reached skill level 1 in Shields
  7579 | D:5      | Found a hazy altar of Hepliaklqana.
  8141 | D:5      | Reached skill level 5 in Fighting
  8141 | D:5      | Reached skill level 1 in Air Magic
  8141 | D:5      | Reached skill level 1 in Poison Magic
  8325 | D:5      | Noticed Menkaure
  8336 | D:5      | Killed Menkaure
  8817 | D:6      | Noticed Prince Ribbit
  8845 | D:6      | Killed Prince Ribbit
  9107 | D:6      | Reached skill level 6 in Fighting
  9368 | D:7      | Found a sparkling altar of Nemelex Xobeh.
  9522 | D:7      | Reached XP level 9. HP: 52/62 MP: 13/13
  9569 | D:7      | Found a staircase to the Ecumenical Temple.
  9664 | Temple   | Entered the Ecumenical Temple
  9907 | D:7      | Found a deep blue altar of Sif Muna.
  9937 | D:7      | Became a worshipper of Sif Muna the Loreminder
 11031 | D:8      | Reached skill level 7 in Fighting
 12262 | D:8      | Found a staircase to the Lair.
 12601 | D:9      | Found a staircase to the Orcish Mines.
 12895 | D:9      | Reached * piety under Sif Muna
 12895 | D:9      | Reached XP level 10. HP: 69/72 MP: 14/17
 13425 | D:9      | Noticed Erica
 13549 | D:9      | Killed Erica
 13549 | D:9      | Reached skill level 8 in Fighting
 13549 | D:9      | Reached skill level 5 in Spellcasting
 13549 | D:9      | Reached skill level 5 in Conjurations
 13549 | D:9      | Reached skill level 5 in Summonings
 13553 | D:9      | Learned a level 2 spell: Blink
 14085 | D:9      | Found an ancient bone altar of Kikubaaqudgha.
 14424 | D:10     | Entered Level 10 of the Dungeon
 14424 | D:10     | Found Xeroi's Book Boutique.
 14499 | D:9      | HP: 3/73 [yak (14)]
 14866 | D:9      | Found a staircase to the Orcish Mines.
 15329 | D:10     | Bought a book of Callings for 450 gold pieces
 15334 | D:10     | Learned a level 4 spell: Summon Lightning Spire
 15398 | D:10     | HP: 3/73 [yak (9)]
 16061 | D:10     | Reached ** piety under Sif Muna
 16082 | D:10     | Found Wughaox's Food Boutique.
 16167 | D:10     | Noticed a cyclops
 16181 | D:10     | Killed a cyclops
 16310 | D:10     | Found a bloodstained altar of Trog.
 16438 | D:10     | Reached XP level 11. HP: 78/78 MP: 17/19
 16628 | D:10     | Noticed a two-headed ogre
 16639 | D:10     | Killed a two-headed ogre
 16639 | D:10     | Reached skill level 9 in Fighting
 17104 | Lair:1   | Entered Level 1 of the Lair of Beasts
 17123 | Lair:1   | Reached skill level 5 in Air Magic
 17911 | Lair:1   | Mangled by a blink frog

Skill      XL: |  1  2  3  4  5  6  7  8  9 10 11 |
---------------+----------------------------------+-----
Conjurations   | 2 3 4 5 |  5.1
Fighting       | 1 2 3 4 6 7 8 9 |  9.5
Dodging        | 3 4 5 6 7 8 |  8.4
Summonings     | 2 3 4 5 |  5.3
Shields        | 3 4 |  4.1
Air Magic      | 2 3 5 |  5.0
Poison Magic   | 2 |  2.0
Spellcasting   | 4 5 |  5.6
Translocations | 3 4 |  4.8
Stealth        | |  2.6

Action                   |  1- 3 |  4- 6 |  7- 9 | 10-12 || total
-------------------------+-------+-------+-------+-------++-------
Melee: Unarmed           |    29 |    20 |    67 |       ||   116
       Constrict         |     8 |     3 |    16 |     7 ||    34
       Tentacles         |     1 |     2 |    17 |     9 ||    29
       Short sword       |       |       |    37 |    73 ||   110
 Cast: Magic Dart        |    79 |    83 |   322 |   257 ||   741
       Call Imp          |     7 |    28 |    94 |    46 ||   175
       Mephitic Cloud    |       |       |     8 |     6 ||    14
       Summon Lightning  |       |       |       |    26 ||    26
       Blink             |       |       |       |     2 ||     2
Invok: Divine Energy     |       |       |       |     1 ||     1
Evoke: Wand              |       |       |     8 |       ||     8
  Use: Scroll            |     4 |     6 |     1 |     1 ||    12
       Potion            |       |       |       |     2 ||     2
 Stab: Distracted        |       |       |     2 |     1 ||     3
       Confused          |       |       |     2 |       ||     2
  Eat: Chunk             |     2 |    13 |    23 |    20 ||    58
       Ration            |       |       |     1 |       ||     1
Armor: Skin              |    17 |     6 |    14 |     9 ||    46
Dodge: Dodged            |    49 |    33 |   168 |   127 ||   377
Block: Buckler           |       |       |    24 |    35 ||    59
